 Dungeon Crawl Stone Soup version 0.32-a0-290-g598725c5f2 (webtiles) character file.

Game seed: 7974857146360581606

168 CougarLife the Digger (level 5, -1/28 HPs)
             Began as a Gargoyle Earth Elementalist on Feb 14, 2024.
             Slain by Crazy Yiuf
             ... wielding a +4 quarterstaff of chaos
              (16 damage)
             ... on level 2 of the Dungeon.
             The game lasted 00:02:32 (2433 turns).

CougarLife the Digger (Gargoyle Earth Elementalist) Turns: 2433, Time: 00:02:33

Health: -1/28      AC:  8    Str: 12    XL:     5   Next: 49%
Magic:  4/10       EV: 11    Int: 17    God:
Gold:   111        SH:  0    Dex: 10    Spells: 9/10 levels left

rFire   . . .        (no weapon)
rCold   . . .        (no shield)
rNeg    + . .        a - +0 robe
rPois   ∞            f - +0 helmet
rElec   +            h - +0 cloak
rCorr   .            (no gloves)
SInv    .            (no boots)
Will    .....        (no amulet)
Stlth   ++           (no ring)
HPRegen 0.24/turn    (no ring)
MPRegen 0.12/turn

%: no passive effects
@: no status effects
A: sickness immunity, AC +4, negative energy resistance 1, electricity
resistance, torment resistance 1, petrification resistance
a: no special abilities


You were on level 2 of the Dungeon.
You visited 1 branch of the dungeon, and saw 3 of its levels.

You collected 111 gold pieces.

Inventory:

Armour
 a - a +0 robe (worn)
 f - a +0 helmet (worn)
 h - a +0 cloak (worn)
Scrolls
 e - a scroll of enchant weapon {unknown}
 g - 3 scrolls of teleportation {unknown}
 i - a scroll of identify {unknown}
Potions
 b - a potion of magic
 c - 2 potions of curing {unknown}
 d - a potion of brilliance {unknown}
 j - a potion of ambrosia {unknown}


   Skills:
 - Level 1.5 Dodging
 - Level 2.1 Stealth
 + Level 3.4 Spellcasting
 + Level 3.2 Conjurations
 + Level 5.0 Earth Magic


You had 9 spell levels left.
You knew the following spells:

 Your Spells              Type           Power      Damage    Failure   Level
a - Sandblast             Erth           40%        2d10      1%          1

Your spell library contained the following spells:

 Spells                   Type           Power      Damage    Failure   Level
 Passwall                 Erth           20%        N/A       6%          3
 Stone Arrow              Conj/Erth      34%        3d9       9%          3
 Slow                     Hex            8%         N/A       17%         1
 Brom's Barrelling Bould  Conj/Erth      17%        2d4       30%         4
 Confusing Touch          Hex            2%         N/A       45%         3
 Sigil of Binding         Hex            2%         N/A       45%         3
 Vampiric Draining        Necr           2%         2d6       45%         3
 Petrify                  Alch/Erth      11%        N/A       52%         4


Dungeon Overview and Level Annotations

Branches:
Dungeon (3/15)

Altars:
Hepliaklqana

Annotations:
D:2 Crazy Yiuf


Innate Abilities, Weirdness & Mutations

You are immune to sickness and miasma.
Your stone body is resilient. (AC +4)
You are immune to poison.
You resist negative energy. (rN+)
You are resistant to electric shocks. (rElec)
You are resistant to unholy torment.
You are immune to petrification.


Message History

You miscast Sandblast.
You are very lightly contaminated with residual magic.
Nothing appears to happen.
The bat barely misses you.
The blast of sand hits the bat!
You kill the bat!
You can't see any susceptible monsters within range! (Use Z to cast anyway.)
Your magical contamination has completely faded away.
c - 2 lumpy golden potions (gained 1)
You see here a +0 scale mail.
A frilled lizard comes into view.
The frilled lizard hisses angrily.
A frilled lizard is nearby!
The blast of sand misses the frilled lizard.
The blast of sand hits the frilled lizard!
You kill the frilled lizard!
You can't see any susceptible monsters within range! (Use Z to cast anyway.) Could not explore, unopened runed door.
No reachable target in view!
You can't see any susceptible monsters within range! (Use Z to cast anyway.)
You can't see any susceptible monsters within range! (Use Z to cast anyway.) Could not explore, unopened runed door.
No reachable target in view!
You open the door.
The blast of sand hits Crazy Yiuf but does no damage.
Crazy Yiuf shouts!
The blast of sand hits Crazy Yiuf!
Crazy Yiuf is heavily wounded.
Crazy Yiuf hits you with a +4 quarterstaff of chaos.
You feel your power leaking away.
The blast of sand hits Crazy Yiuf.
Crazy Yiuf is severely wounded.
Crazy Yiuf misses you.
Crazy Yiuf whimpers, "Fluff pontify alas!"
Crazy Yiuf hits you with a +4 quarterstaff of chaos!
Crazy Yiuf burns you.
The blast of sand hits Crazy Yiuf.
Crazy Yiuf is almost dead.
Crazy Yiuf hits you with a +4 quarterstaff of chaos!
Ouch! That really hurt!
You die...

########..#.####
######..(##.#
............#
.#......#####
.#......#
........#######
.#......)+P.#.### ###
#######......#..##...#
........)...####@g...#
.........+.## ###..)#
........#### ###
........# ####.####
#.# #.# #.# #.####


You could see Crazy Yiuf.

Vanquished Creatures
  Jessica (D:3)
  5 adders
  3 dart slugs
  5 bats
  7 endoplasms
  A giant cockroach (D:2)
  2 goblins
  4 hobgoblins
  4 jackals
  5 kobolds
  4 quokkas
  3 ball pythons
  4 frilled lizards
  6 rats
54 creatures vanquished.

Notes
Turn   | Place    | Note
-------+----------+-------------------------------------------
     0 | D:1      | CougarLife the Gargoyle Earth Elementalist began the quest
                  | for the Orb.
     0 | D:1      | Reached XP level 1. HP: 10/10 MP: 3/3
   144 | D:1      | Reached XP level 2. HP: 15/15 MP: 3/5
   249 | D:1      | Reached skill level 4 in Earth Magic
   384 | D:1      | Reached XP level 3. HP: 19/19 MP: 2/6
  1237 | D:2      | Reached XP level 4. HP: 24/24 MP: 6/8
  1511 | D:2      | Found a runed translucent door.
  1512 | D:2      | Noticed Crazy Yiuf
  1823 | D:2      | You fall into a shaft and drop 1 floor!
  1868 | D:3      | Noticed Jessica
  1873 | D:3      | Killed Jessica
  1874 | D:3      | Reached XP level 5. HP: 28/28 MP: 4/9
  1942 | D:3      | Found a hazy altar of Hepliaklqana.
  2166 | D:2      | Reached skill level 5 in Earth Magic
  2433 | D:2      | Slain by Crazy Yiuf

Illustrated notes

Levels and vault maps discovered:
D:1:      dpeg_arrival_another_circle, layout_basic
D:2:      layout_basic, minmay_heptomino_o4, uniq_crazy_yiuf_cottage
D:3:      cheibrodos_greedy_goblins, layout_basic,
          nicolae_hepliaklqana_hazy_memory, overflow_temple_1_default,
          uniq_jessica

Skill      XL: |  1  2  3  4  5 |
---------------+----------------+-----
Earth Magic    | 4 5 |  5.0
Conjurations   | 2 3 |  3.2
Spellcasting   | 3 |  3.4
Dodging        | |  1.5
Stealth        | |  2.1

Action                     |  1- 3 |  4- 6 || total
---------------------------+-------+-------++-------
  Melee: Unarmed           |     8 |     3 ||    11
   Cast: Sandblast         |    37 |    45 ||    82
 Armour: Robe              |    17 |    10 ||    27
  Dodge: Dodged            |    16 |    18 ||    34

Table legend: (Time is in decaauts)
 A = Elapsed time spent in this place.
 B = Non-inter-level travel time spent in this place.
 C = Inter-level travel time spent in this place.
 D = Time resting spent in this place.
 E = Time spent auto-exploring this place.
 F = Levels seen in this place.
 G = Mean time per level.
                   A        B        C        D        E       F      G
               +--------+--------+--------+--------+--------+-----+--------+
         Total |   2473 |   2452 |     21 |      0 |   2100 |   3 |  824.3 |
       Dungeon |   2473 |   2452 |     21 |      0 |   2100 |   3 |  824.3 |
               +--------+--------+--------+--------+--------+-----+--------+

Top non-repeatable levels by time:
     D:1: 1207 daAuts
     D:2: 1102 daAuts
     D:3: 163 daAuts
